 Dungeon Crawl Stone Soup version 0.22.1-2-g9c5b331 (webtiles) character file.

469 Gearfox the Chopper (level 7, -10/64 HPs)
             Began as a Hill Orc Abyssal Knight on Dec 5, 2018.
             Was a Follower of Lugonu.
             Mangled by an ogre
             ... wielding a +0 giant club
              (14 damage)
             ... on level 4 of the Dungeon.
             The game lasted 00:16:14 (5563 turns).

Gearfox the Chopper (Hill Orc Abyssal Knight)       Turns: 5563, Time: 00:16:15

Health: -10/64     AC:  5    Str: 17      XL:     7   Next: 9%
Magic:  8/8        EV: 11    Int: 14      God:    Lugonu [*.....]
Gold:   156        SH:  0    Dex:  6 (10) Spells: 6/6 levels left

rFire    + . .     SeeInvis .   a - +2 hand axe
rCold    . . .     Gourm    .   (no shield)
rNeg     . . .     Faith    .   b - +0 leather armour
rPois    .         Spirit   .   (no helmet)
rElec    .         Reflect  .   (no cloak)
rCorr    .         Harm     .   e - +0 pair of gloves
MR       .....                  d - +0 pair of boots
Stlth    +.........             (no amulet)
HPRegen  0.20/turn              (no ring)
MPRegen  0.11/turn              (no ring)

@: no status effects
A: clever 1, fire resistance 1
a: Depart the Abyss, Renounce Religion


You were on level 4 of the Dungeon.
You worshipped Lugonu.
Lugonu was aware of your devotion.
You were not hungry.

You visited 1 branch of the dungeon, and saw 4 of its levels.
You visited the Abyss 1 time.

You collected 156 gold pieces.

Inventory:

Hand Weapons
 a - a +2 hand axe (weapon)
Armour
 b - a +0 leather armour (worn)
 d - a +0 pair of boots (worn)
 e - a +0 pair of gloves (worn)
 p - a +0 plate armour
Wands
 h - a wand of polymorph (5)
Scrolls
 g - a scroll of teleportation
 i - 5 scrolls of remove curse
Potions
 f - 2 potions of brilliance
 k - a potion of agility {unknown}
 l - a potion of resistance {unknown}
 n - a potion of invisibility {unknown}
 q - a potion of curing {unknown}
 r - a potion of berserk rage {unknown}
Comestibles
 c - 3 rations


   Skills:
 * Level 6.3 Fighting
 - Level 7.3 Axes
 + Level 3.2 Armour
 - Level 0.7 Dodging
 - Level 2.4 Invocations
 + Level 0.1 Evocations


You had 6 spell levels left.
You didn't know any spells.
Your spell library contained the following spells:

 Spells                   Type           Power        Failure   Level  Hunger
 Animate Skeleton         Necr           N/A          34%         1    ##.....
 Apportation              Tloc           #.....       34%         1    ##.....
 Confusing Touch          Hex            #.....       34%         1    ##.....
 Summon Small Mammal      Summ           #...         34%         1    ##.....


Dungeon Overview and Level Annotations

Branches:
Dungeon (4/15)
 Temple: D:4-7

Altars:

Shops:
D:4 *

Annotations:
D:4 Menkaure


Innate Abilities, Weirdness & Mutations

Your mind is acute. (Int +2)
Your flesh is heat resistant. (rF+)


Message History

You miss the hound.
The hound is almost dead.
You closely miss the ogre. The hound bites you.
* * * LOW HITPOINT WARNING * * *
The hound bites you but does no damage. The ogre barely misses you.
You slash the hound!
You kill the hound!
Lugonu accepts your kill.
You barely miss the ogre.
Things that are here:
16 stones; a hound corpse You hit the ogre but do no damage.
The ogre is moderately wounded.
You hear the drain falling apart.
The ogre hits you with a giant club!
* * * LOW HITPOINT WARNING * * *
You hit the ogre.
The ogre is moderately wounded.
The ogre hits you with a giant club!
You die...

#?...# #....#
#....#######
#######..........#
..................
#..[...........#
+...............
#......O@....#
#.##########.# #.#
##.# #..# ##..#
###...#
..###.....#
..........#


You could see an ogre.

Vanquished Creatures
  Eustachio (D:4)
  A quasit (D:3)
  A hound (D:4)
  2 orc priests
  Ijyb (D:3)
  Natasha (twice) (D:2)
  An iguana (D:2)
  A worker ant (D:3)
  4 adders
  3 dart slugs
  2 leopard geckos
  4 orcs
  6 bats
  3 giant cockroaches
  5 goblins
  4 hobgoblins
  6 kobolds
  4 quokkas
  A ball python (D:1)
  6 frilled lizards
  5 rats
63 creatures vanquished.

Notes
Turn   | Place    | Note
-------+----------+-------------------------------------------
     0 | Abyss:1  | Gearfox the Hill Orc Abyssal Knight began the quest for the
                  | Orb.
     0 | Abyss:1  | Reached XP level 1. HP: 19/19 MP: 2/2
    62 | Abyss:1  | Noticed a small abomination
    63 | D:1      | Escaped the Abyss
   105 | D:1      | Reached skill level 3 in Axes
   327 | D:1      | Reached XP level 2. HP: 26/26 MP: 3/3
   492 | D:1      | Reached skill level 4 in Axes
   521 | D:1      | Reached * piety under Lugonu
   967 | D:1      | Reached XP level 3. HP: 28/31 MP: 4/4
  1183 | D:2      | Reached skill level 5 in Axes
  1796 | D:2      | Reached XP level 4. HP: 37/39 MP: 5/5
  1807 | D:2      | Noticed Natasha
  1816 | D:2      | Killed Natasha
  1816 | D:2      | Reached skill level 6 in Axes
  2160 | D:2      | Noticed Natasha
  2227 | D:2      | Killed Natasha
  2227 | D:2      | Reached XP level 5. HP: 20/45 MP: 6/6
  2672 | D:2      | Reached skill level 7 in Axes
  3229 | D:3      | Noticed Ijyb
  3289 | D:3      | Killed Ijyb
  3289 | D:3      | Reached XP level 6. HP: 46/53 MP: 7/7
  4489 | D:3      | Noticed Grinder
  4495 | D:3      | Paralysed by Grinder for 2 turns
  4503 | D:3      | Paralysed by Grinder for 3 turns
  4512 | D:3      | Noticed Grinder
  4512 | D:3      | Grinder changed into Grinder the quasit
  4519 | D:3      | Killed Grinder the quasit
  4519 | D:3      | Reached skill level 5 in Fighting
  4817 | D:4      | Noticed Menkaure
  4848 | D:4      | Noticed Eustachio
  4858 | D:3      | Gained mutation: Your flesh is heat resistant. (rF+)
                  | [potion of mutation]
  4858 | D:3      | Gained mutation: Your mind is acute. (Int +2) [potion of
                  | mutation]
  5167 | D:4      | Killed Eustachio
  5167 | D:4      | Reached XP level 7. HP: 10/63 MP: 8/8
  5531 | D:4      | Found Doadghed's Assorted Antiques.
  5563 | D:4      | Mangled by an ogre

Skill      XL: |  1  2  3  4  5  6 |
---------------+-------------------+-----
Axes           | 3 4 5 6 7 |  7.3
Fighting       | 4 6 |  6.3
Armour         | 3 |  3.2
Dodging        | |  0.7
Invocations    | |  2.4
Evocations     | |  0.1

Action                   |  1- 3 |  4- 6 |  7- 9 || total
-------------------------+-------+-------+-------++-------
Melee: Hand axe          |   112 |   207 |    11 ||   330
       Unarmed           |       |     6 |       ||     6
Invok: Depart the Abyss  |     1 |       |       ||     1
Evoke: Wand              |       |     1 |       ||     1
  Use: Scroll            |     3 |     6 |       ||     9
       Potion            |       |     2 |       ||     2
  Eat: Chunk             |     2 |     6 |       ||     8
       Ration            |       |     2 |       ||     2
Armor: Leather armour    |    56 |    88 |     3 ||   147
Dodge: Dodged            |    90 |   154 |     8 ||   252
